 Dungeon Crawl Stone Soup version 0.28.0-43-g3370ac3207 (webtiles) character file.

Game seed: 14207534595505582554

5 Descartes the Vexing (level 1, 0/7 HPs)
             Began as a Felid Wanderer on Mar 22, 2022.
             Slain by a goblin
             ... wielding a +0 club
              (4 damage)
             ... on level 1 of the Dungeon.
             The game lasted 00:01:05 (421 turns).

Descartes the Vexing (Felid Wanderer)                Turns: 421, Time: 00:01:05

Health: 0/7        AC:  1    Str:  7    XL:     1   Next: 66%
Magic:  3/3        EV: 16    Int: 16    God:
Gold:   39         SH:  0    Dex: 13    Spells: 2/2 levels left
                                        Lives:  0   Deaths: 0

rFire   . . .      SeeInvis +   (weapon unavailable)
rCold   . . .      Faith    .   (shield unavailable)
rNeg    . . .      Spirit   .   (armour unavailable)
rPois   .          Reflect  .   (helmet unavailable)
rElec   .          Harm     .   (cloak unavailable)
rCorr   .          Rampage  .   (gloves unavailable)
Will    .....                   (boots unavailable)
Stlth   +.........              (no amulet)
HPRegen 0.02/turn               (no ring)
MPRegen 0.08/turn               (no ring)

@: quick
A: very small, claws 1, fangs 3, see invisible, speed 1, shaggy fur 1, stealthy
paws, no weapons or thrown items, no armour, multi-lived
a: no special abilities


You were on level 1 of the Dungeon.
You visited 1 branch of the dungeon, and saw 1 of its levels.

You collected 39 gold pieces.

Inventory:

Wands
 a - a wand of flame (4) (quivered)
Scrolls
 b - a scroll of identify {unknown}
 d - a scroll of teleportation {unknown}
Potions
 c - a potion of mutation {unknown}


   Skills:
 * Level 1.7 Dodging
 * Level 0.7 Stealth
 * Level 0.2 Unarmed Combat
 - Level 1.0 Spellcasting
 - Level 5.8 Hexes
 + Level 1.8 Translocations
 - Level 1.7 Invocations
 + Level 1.2 Evocations


You had 2 spell levels left.
You didn't know any spells.
Your spell library contained the following spells:

 Spells                   Type           Power      Damage    Failure   Level
 Slow                     Hex            76%        N/A       1%          1
 Apportation              Tloc           12%        N/A       11%         1
 Summon Guardian Golem    Hex/Summ       10%        N/A       21%         3
 Teleport Other           Tloc           6%         N/A       32%         3
 Stone Arrow              Conj/Erth      0%         3d7       56%         3
 Anguish                  Hex/Necr       5%         N/A       56%         4
 Lehudib's Crystal Spear  Conj/Erth      0%         10d2      100%        8
 Animate Armour           Summ/Erth      Unusable   N/A       N/A         4

Dungeon Overview and Level Annotations

Branches:
Dungeon (1/15)

Altars:


Innate Abilities, Weirdness & Mutations

You have sharp claws.
You have razor-sharp teeth.
You have supernaturally acute eyesight. (SInv)
You cover ground quickly. (Speed+)
You are covered in fur. (AC +1)
Your paws help you pounce on unaware monsters.
You are incapable of wielding weapons or throwing items.
You cannot wear armour.
You gain extra lives every three experience levels.


Message History

HP restored.
You see here a quokka corpse.
c - a lumpy emerald potion
Found a stone staircase leading down.
An endoplasm comes into view.
Found a scroll labelled WOURAU GUEGA.
You see here a book of Armaments.
The helpless endoplasm fails to defend itself.
You scratch the endoplasm.
The endoplasm is moderately wounded.
The endoplasm hits you.
You scratch the endoplasm.
The endoplasm is almost dead.
The endoplasm freezes you.
You are frozen.
You scratch the endoplasm.
You kill the endoplasm!
No target in view!
No target in view!
No target in view!
No target in view!
No target in view!
No target in view!
No target in view!
No target in view!
You pick up a book of Armaments and begin reading...
You add the spells Stone Arrow and Lehudib's Crystal Spear to your library.
Okay, then.
d - a scroll labelled WOURAU GUEGA You now have 39 gold pieces (gained 7).
A goblin comes into view. It is wielding a +0 club.
The goblin hits you with a +0 club.
You scratch the goblin.
The goblin is severely wounded.
The goblin hits you with a +0 club.
You scratch the goblin but do no damage.
The goblin is severely wounded.
The goblin hits you with a +0 club.
Ouch! That really hurt!
You die...

#. ..(####.#.....#.# #
.........#.....#.#
.....####.........#
#..#..#..## #..#.##..#
#........# ##.......#
################.#####
......g@.........#
.....############# #..
.


You could see a goblin.

Vanquished Creatures
  An endoplasm (D:1)
  2 quokkas (D:1)
  A frilled lizard (D:1)
  A rat (D:1)
5 creatures vanquished.

Notes
Turn   | Place    | Note
-------+----------+-------------------------------------------
     0 | D:1      | Descartes the Felid Wanderer began the quest for the Orb.
     0 | D:1      | Descartes set off with the following items: a wand of flame
                  | (4); and the following spells available to memorise: Slow,
                  | Apportation, Summon Guardian Golem, Teleport Other, Anguish
     0 | D:1      | Reached XP level 1. HP: 7/7 MP: 3/3
   421 | D:1      | Slain by a goblin

Illustrated notes

Levels and vault maps discovered:
D:1:      minmay_arrival_semitransparent, layout_loops_cross,
          minmay_misc_feat_encased

Action                   || total
-------------------------++-------
Melee: Unarmed           ||    12
       Bite              ||     1
 Stab: Sleeping          ||     1
Armor: Skin              ||     1
Dodge: Dodged            ||     4
